 Dungeon Crawl Stone Soup version 0.26.1-10-gdfb7c7de75 (webtiles) character file.

Game seed: 4689209911212875745

303 Almogavar the Conjurer (level 6, -7/32 HPs)
             Began as a Deep Elf Conjurer on Apr 7, 2021.
             Was an Initiate of Sif Muna.
             Mangled by a worker ant (8 damage)
             ... on level 4 of the Dungeon on Apr 8, 2021.
             The game lasted 00:18:06 (4267 turns).

Almogavar the Conjurer (Deep Elf Conjurer)          Turns: 4267, Time: 00:18:08

Health: -7/32      AC:  2    Str:  4    XL:     6   Next: 15%
Magic:  10/16      EV: 14    Int: 25    God:    Sif Muna [......]
Gold:   241        SH:  0    Dex: 19    Spells: 14/15 levels left

rFire    . . .     SeeInvis +   g - +2 dagger (elec)
rCold    . . .     Faith    .   (no shield)
rNeg     . . .     Spirit   .   a - +0 robe
rPois    .         Reflect  .   (no helmet)
rElec    .         Harm     .   (no cloak)
rCorr    .         Rampage  .   (no gloves)
Will     .....                  (no boots)
Stlth    +++.......             (no amulet)
HPRegen  0.10/turn              m - ring of see invisible
MPRegen  0.15/turn              s - +6 ring of dexterity

@: no status effects
A: no striking features
a: Renounce Religion


You were on level 4 of the Dungeon.
You worshipped Sif Muna.
Sif Muna was noncommittal.
You visited 2 branches of the dungeon, and saw 5 of its levels.

You collected 241 gold pieces.

Inventory:

Hand Weapons
 b - a +2 whip of pain
 g - a +2 dagger of electrocution (weapon)
 t - a +3 dagger
Armour
 a - a +0 robe (worn)
 i - a cursed +0 ring mail
 v - a +2 kite shield
Jewellery
 m - a ring of see invisible (left hand)
 s - a +6 ring of dexterity (right hand)
 x - a cursed -4 ring of dexterity
Scrolls
 c - 3 scrolls of remove curse
 j - a scroll of magic mapping
 k - 2 scrolls of enchant weapon
 n - 2 scrolls of amnesia
 o - a scroll of fear {unknown}
 p - a scroll of immolation {unknown}
 q - a scroll of teleportation {unknown}
Potions
 d - a potion of haste
 f - a potion of berserk rage {unknown}
 h - a potion of resistance
 l - a potion of mutation {unknown}
 r - a potion of ambrosia {unknown}
 u - a potion of brilliance {unknown}
 w - a potion of flight {unknown}


   Skills:
 + Level 2.9 Dodging
 + Level 3.4 Stealth
 + Level 5.3 Spellcasting
 + Level 6.7 Conjurations


You had 14 spell levels left.
You knew the following spells:

 Your Spells              Type           Power        Failure   Level
a - Magic Dart            Conj           100%         1%          1

Your spell library contained the following spells:

 Spells                   Type           Power        Failure   Level
 Searing Ray              Conj           80%          1%          2
 Dazzling Flash           Conj/Hex       46%          6%          3
 Animate Skeleton         Necr           12%          8%          1
 Apportation              Tloc           12%          8%          1
 Corona                   Hex            6%           8%          1
 Summon Small Mammal      Summ           24%          8%          1
 Fulminant Prism          Conj/Hex       11%          21%         4
 Iskenderun's Mystic Bla  Conj/Tloc      23%          21%         4


Dungeon Overview and Level Annotations

Branches:
Dungeon (4/15)             Temple (1/1) D:4

Altars:
Ashenzari
Cheibriados
Dithmenos
Elyvilon
Kikubaaqudgha
Makhleb
Nemelex Xobeh
Okawaru
Qazlal
Sif Muna
Uskayaw
Vehumet
Wu Jian
Xom
The Shining One

Annotations:
D:4 3 runed translucent doors


Message History

The worker ant bites you.
* * * LOW HITPOINT WARNING * * *
The worker ant closely misses you.
Casting: Magic Dart (safe; 1% risk of failure)
Confirm with . or Enter, or press ? or * to list all spells.
Aiming: Magic Dart (safe; 1% risk of failure)
Press: ? - help, Shift-Dir - straight line, f/p - worker ant
Aim: a worker ant (almost dead, 0% to evade)
The magic dart hits the worker ant but does no damage.
The worker ant is almost dead.
The worker ant closely misses you.
Casting: Magic Dart (safe; 1% risk of failure)
Confirm with . or Enter, or press ? or * to list all spells.
Aiming: Magic Dart (safe; 1% risk of failure)
Press: ? - help, Shift-Dir - straight line, f/p - worker ant
Aim: a worker ant (almost dead, 0% to evade)
The magic dart hits the worker ant but does no damage.
The worker ant is almost dead.
The worker ant bites you!
You die...

# #.# .# #.# .#
#.##### ###.#
#...... #..#
####### #..# #
#'###### #
#B...'.# ### #
#@88.#.# ##.## #
#.88.#.# ##...## #
#....#.###..#..###
######......#...#.
#.....#.#.#...
#.#....###....
#...#...#...#.
#....#.....#..
#..#####.>.####


You could see a worker ant.

Vanquished Creatures
  A scorpion (D:4)
  2 orc priests
  2 orc wizards
  2 adders
  A white imp (D:3)
  5 oozes
  2 dart slugs
  3 leopard geckos (D:1)
  3 orcs
  4 bats
  8 giant cockroaches
  7 goblins
  9 hobgoblins
  12 jackals
  A quokka (D:3)
  5 frilled lizards
  7 kobolds
  A quokka skeleton (D:3)
  5 rats
80 creatures vanquished.

Notes
Turn   | Place    | Note
-------+----------+-------------------------------------------
     0 | D:1      | Almogavar the Deep Elf Conjurer began the quest for the
                  | Orb.
     0 | D:1      | Reached XP level 1. HP: 10/10 MP: 6/6
   166 | D:1      | Reached XP level 2. HP: 15/15 MP: 6/8
   322 | D:1      | Reached skill level 5 in Conjurations
   466 | D:1      | Found a broken altar of Ashenzari.
   501 | D:1      | Reached XP level 3. HP: 19/19 MP: 3/9
  1583 | D:2      | Reached XP level 4. HP: 24/24 MP: 9/11
  1631 | D:2      | Found a white marble altar of Elyvilon.
  1848 | D:2      | Found a sparkling altar of Nemelex Xobeh.
  2073 | D:3      | HP: 1/24 [white imp/puff of frost (14)]
  2382 | D:3      | Reached skill level 6 in Conjurations
  2555 | D:3      | Reached XP level 5. HP: 28/28 MP: 9/13
  3502 | D:4      | Found an ancient bone altar of Kikubaaqudgha.
  3535 | D:4      | Found a runed translucent gate.
  3536 | D:4      | Found a runed translucent gate.
  3537 | D:4      | Found a runed translucent gate.
  3555 | D:4      | Reached skill level 5 in Spellcasting
  3678 | D:4      | Found an iron altar of Okawaru.
  3814 | D:4      | Reached XP level 6. HP: 32/32 MP: 7/15
  4022 | D:4      | Found a staircase to the Ecumenical Temple.
  4033 | Temple   | Entered the Ecumenical Temple
  4197 | Temple   | Became a worshipper of Sif Muna the Loreminder
  4265 | D:4      | HP: 1/32 [worker ant (3)]
  4267 | D:4      | Mangled by a worker ant

Illustrated notes

Levels and vault maps discovered:
D:1:      kilobyte_arrival_exit_the_forest, layout_basic,
          evilmike_ruin_ashenzari
D:2:      layout_rooms, elyvilon_altar_1, marbit_many_paths
D:3:      layout_basic
D:4:      minmay_chambers_of_fours, layout_basic, lemuel_round_altar,
          okawaru_gym_becter, minmay_temple_entry_arrows, gammafunk_ghost_icy,
          minmay_misc_feat_plants, kennysheep_big_empty_room
Temple:   nicolae_temple_figure_eight

Skill      XL: |  1  2  3  4  5 |
---------------+----------------+-----
Conjurations   | 5 6 |  6.7
Spellcasting   | 4 5 |  5.3
Stealth        | 3 |  3.4
Dodging        | |  2.9

Action                   |  1- 3 |  4- 6 || total
-------------------------+-------+-------++-------
Melee: Whip              |     1 |     2 ||     3
       Dagger            |       |    17 ||    17
 Cast: Magic Dart        |    85 |   104 ||   189
  Use: Scroll            |       |     7 ||     7
       Potion            |       |     5 ||     5
Armor: Robe              |     1 |     2 ||     3
Dodge: Dodged            |     1 |    23 ||    24
